PAAA
BLOOMINGTON LONGNECKS @ PLYMOUTH ROCKS
06/16/2042
 
TOP OF THE 1ST
Bloomington Longnecks batting - Pitching for Plymouth Rocks : RHP Alberto Álvarez
Pitching: RHP Alberto Álvarez
Batting: LHB Sherman Kline 0-0: Ball
1-0: Ball
2-0: Swinging Strike
2-1: Ball
3-1: Base on Balls
Batting: RHB Dylan Stavely 0-0: Ball
1-0: Swinging Strike
1-1: Swinging Strike
1-2: Fielders Choice at 2nd, 6-4 (Groundball, 6, EV 104.4 MPH)
Batting: LHB Leonid Machehin 0-0: 2-RUN HOME RUN (Flyball, 9LD, EV 93.1 MPH), Distance : 332 ft
Batting: RHB Orlando Velásquez 0-0: Ball
1-0: Foul Ball, location: 2F
1-1: Fly out, F8 (Flyball, 89D, EV 83.1 MPH)
Batting: RHB Ignacio Páez 0-0: Ball
1-0: Ball
2-0: Called Strike
2-1: Ball
3-1: Swinging Strike
3-2: Strikes out swinging
Top of the 1st over - 2 runs, 1 hit, 0 errors, 0 left on base; Bloomington 2 - Plymouth 0
BOTTOM OF THE 1ST
Plymouth Rocks batting - Pitching for Bloomington Longnecks : LHP António Arellano
Pitching: LHP António Arellano
Batting: RHB Miguel Contreras 0-0: Ball
1-0: Ball
2-0: Called Strike
2-1: Ball
3-1: Foul Ball, location: 2F
3-2: Base on Balls
Batting: LHB You-liang Yang 0-0: Called Strike
0-1: Fly out, F8 (Flyball, 8LD, EV 84.4 MPH)
Batting: RHB Tony Randolph 0-0: Called Strike
Miguel Contreras is caught stealing 2nd base 2-4
0-1: Fly out, F9 (Flyball, 9D, EV 90.0 MPH)
Bottom of the 1st over - 0 runs, 0 hits, 0 errors, 0 left on base; Bloomington 2 - Plymouth 0
TOP OF THE 2ND
Bloomington Longnecks batting - Pitching for Plymouth Rocks : RHP Alberto Álvarez
Batting: RHB Dao-zi Zhan 0-0: Called Strike
0-1: Called Strike
0-2: Ball
1-2: Strikes out swinging
Batting: RHB Nelson Jaramillo 0-0: Called Strike
0-1: Ball
1-1: Fly out, F9 (Flyball, 9, EV 82.5 MPH)
Batting: RHB Júlio Rodríguez 0-0: Called Strike
0-1: SINGLE (Groundball, 56D, EV 97.5 MPH)
Batting: RHB James Strickland 0-0: Called Strike
0-1: Fielders Choice at 2nd, 6-4 (Groundball, 6, EV 85.0 MPH)
Top of the 2nd over - 0 runs, 1 hit, 0 errors, 1 left on base; Bloomington 2 - Plymouth 0
BOTTOM OF THE 2ND
Plymouth Rocks batting - Pitching for Bloomington Longnecks : LHP António Arellano
Batting: RHB Jaime Burgos 0-0: Called Strike
0-1: SINGLE (Groundball, 6MD, EV 103.1 MPH)
Batting: LHB Rafael Martínez 0-0: Called Strike
0-1: Foul Ball, location: 2F
0-2: Strikes out swinging
Batting: LHB Michael Malloy 0-0: Ball
1-0: Ball
2-0: Called Strike
2-1: Foul Ball, location: 2F
2-2: Foul Ball, location: 2F
2-2: Foul Ball, location: 2F
2-2: Foul Ball, location: 2F
2-2: Ball
3-2: Foul Ball, location: 2F
3-2: DOUBLE (Line Drive, 7LM, EV 101.9 MPH)
Jaime Burgos to third
Batting: RHB Josip Primorac 0-0: Ball
1-0: Ball
2-0: Foul Ball, location: 2F
2-1: Swinging Strike
2-2: Ball
3-2: Foul Ball, location: 2F
3-2: Base on Balls
Batting: RHB António Avery 0-0: Ball
1-0: Ball
2-0: Foul Ball, location: 2F
2-1: Ball
3-1: Base on Balls
Jaime Burgos scores
Michael Malloy to third
Josip Primorac to second
Batting: LHB Dae-ik Park 0-0: Fly out, F8 (Flyball, 8RXD, EV 76.9 MPH)
Runner from 3rd tags up, SCORES, no throw by CF
Batting: RHB Miguel Contreras 0-0: Called Strike
0-1: Ball
1-1: Ball
2-1: Foul Ball, location: 2F
2-2: Fielders Choice at 2nd, 5-4 (Groundball, 5, EV 83.8 MPH)
Bottom of the 2nd over - 2 runs, 2 hits, 0 errors, 2 left on base; Bloomington 2 - Plymouth 2
TOP OF THE 3RD
Bloomington Longnecks batting - Pitching for Plymouth Rocks : RHP Alberto Álvarez
Batting: LHB Sherman Kline 0-0: SOLO HOME RUN (Line Drive, 9D, EV 101.9 MPH), Distance : 393 ft
Batting: RHB Dylan Stavely 0-0: Called Strike
0-1: Ball
1-1: SINGLE (Groundball, 3D, EV 95.6 MPH)
Batting: LHB Leonid Machehin 0-0: Called Strike
0-1: Swinging Strike
0-2: Strikes out swinging
Batting: RHB Orlando Velásquez 0-0: Fly out, F8 (Flyball, 8RS, EV 80.6 MPH)
Batting: RHB Ignacio Páez 0-0: Called Strike
0-1: Foul Ball, location: 2F
0-2: Strikes out swinging
Top of the 3rd over - 1 run, 2 hits, 0 errors, 1 left on base; Bloomington 3 - Plymouth 2
BOTTOM OF THE 3RD
Plymouth Rocks batting - Pitching for Bloomington Longnecks : LHP António Arellano
Batting: LHB You-liang Yang 0-0: Called Strike
0-1: Ground out U3 (Groundball, 3L, EV 81.9 MPH)
Batting: RHB Tony Randolph 0-0: Ground out 5-3 (Groundball, 56, EV 83.1 MPH)
Batting: RHB Jaime Burgos 0-0: Called Strike
0-1: Ball
1-1: Ball
2-1: Foul Ball, location: 2F
2-2: SINGLE (Line Drive, 56D, EV 95.6 MPH)
Batting: LHB Rafael Martínez 0-0: Called Strike
0-1: Foul Ball, location: 2F
0-2: Strikes out swinging
Bottom of the 3rd over - 0 runs, 1 hit, 0 errors, 1 left on base; Bloomington 3 - Plymouth 2
TOP OF THE 4TH
Bloomington Longnecks batting - Pitching for Plymouth Rocks : RHP Alberto Álvarez
Batting: RHB Dao-zi Zhan 0-0: Ball
1-0: Called Strike
1-1: Fly out, F8 (Line Drive, 8LM, EV 106.2 MPH)
Batting: RHB Nelson Jaramillo 0-0: Ball
1-0: Foul Ball, location: 2F
1-1: Ball
2-1: Fly out, F9 (Flyball, 9LM, EV 97.5 MPH)
Batting: RHB Júlio Rodríguez 0-0: Foul Ball, location: 2F
0-1: Ball
1-1: DOUBLE (Line Drive, 7LD, EV 108.8 MPH)
Batting: RHB James Strickland 0-0: Ball
1-0: Ball
2-0: Ground out U3 (Groundball, 34, EV 96.2 MPH)
Top of the 4th over - 0 runs, 1 hit, 0 errors, 1 left on base; Bloomington 3 - Plymouth 2
BOTTOM OF THE 4TH
Plymouth Rocks batting - Pitching for Bloomington Longnecks : LHP António Arellano
Batting: LHB Michael Malloy 0-0: Ball
1-0: Called Strike
1-1: Swinging Strike
1-2: Foul Ball, location: 2F
1-2: Ball
2-2: Ball
3-2: Base on Balls
Batting: RHB Josip Primorac 0-0: Called Strike
0-1: Ball
1-1: Foul Ball, location: 2F
1-2: Foul Ball, location: 2F
1-2: Strikes out swinging
Batting: RHB António Avery 0-0: Swinging Strike
0-1: Ball
1-1: Foul Ball, location: 2F
1-2: Ball
2-2: Ball
3-2: SINGLE (Groundball, 5D, EV 105.6 MPH)
Michael Malloy to second
Michael Malloy to third
Batting: LHB Dae-ik Park 0-0: Called Strike
0-1: Ball
1-1: SINGLE (Line Drive, 7LS, EV 97.5 MPH)
Michael Malloy scores
António Avery to second
Batting: RHB Miguel Contreras 0-0: Foul Ball, location: 2F
0-1: Ball
1-1: Ball
2-1: Called Strike
2-2: Foul Ball, location: 2F
2-2: Ball
3-2: Fly out, F4 (Popup, 34S, EV 80.0 MPH)
Batting: LHB You-liang Yang 0-0: Called Strike
0-1: Foul Ball, location: 2F
0-2: 3-RUN HOME RUN (Flyball, 9D, EV 96.2 MPH), Distance : 370 ft
Pitching: RHP Hamilton Franklin
Batting: RHB Tony Randolph 0-0: Called Strike
0-1: Ball
1-1: SINGLE (Groundball, 56D, EV 95.0 MPH)
Batting: RHB Jaime Burgos 0-0: Ball
1-0: Called Strike
1-1: Called Strike
1-2: Strikes out swinging
Bottom of the 4th over - 4 runs, 4 hits, 0 errors, 1 left on base; Bloomington 3 - Plymouth 6
TOP OF THE 5TH
Bloomington Longnecks batting - Pitching for Plymouth Rocks : RHP Alberto Álvarez
Batting: LHB Sherman Kline 0-0: Swinging Strike
0-1: Called Strike
0-2: Strikes out swinging
Batting: RHB Dylan Stavely 0-0: Ball
1-0: Ground out 3-1 (Groundball, 34, EV 87.5 MPH)
Batting: LHB Leonid Machehin 0-0: Ball
1-0: Foul Ball, location: 2F
1-1: Ball
2-1: Swinging Strike
2-2: Ball
3-2: SINGLE (Groundball, 5D, EV 96.2 MPH)
Batting: RHB Orlando Velásquez 0-0: Called Strike
0-1: Foul Ball, location: 2F
0-2: Strikes out swinging
Top of the 5th over - 0 runs, 1 hit, 0 errors, 1 left on base; Bloomington 3 - Plymouth 6
BOTTOM OF THE 5TH
Plymouth Rocks batting - Pitching for Bloomington Longnecks : RHP Hamilton Franklin
Batting: LHB Rafael Martínez 0-0: Ball
1-0: Ground out 4-3 (Groundball, 34D, EV 104.4 MPH)
Batting: LHB Michael Malloy 0-0: Ball
1-0: Called Strike
1-1: Ball
2-1: Foul Ball, location: 2F
2-2: Foul Ball, location: 2F
2-2: Foul Ball, location: 2F
2-2: Ball
3-2: Fly out, F8 (Flyball, 8RXD, EV 100.0 MPH)
Batting: RHB Josip Primorac 0-0: Swinging Strike
0-1: Ball
1-1: DOUBLE (Flyball, 8RXD, EV 107.5 MPH)
Batting: RHB António Avery 0-0: Ball
1-0: Fly out, F5 (Popup, 25F, EV 82.5 MPH)
Bottom of the 5th over - 0 runs, 1 hit, 0 errors, 1 left on base; Bloomington 3 - Plymouth 6
TOP OF THE 6TH
Bloomington Longnecks batting - Pitching for Plymouth Rocks : RHP Alberto Álvarez
Batting: RHB Ignacio Páez 0-0: Called Strike
0-1: Swinging Strike
0-2: Ball
1-2: Foul Ball, location: 2F
1-2: DOUBLE (Line Drive, 78D, EV 101.9 MPH)
Batting: RHB Dao-zi Zhan 0-0: Called Strike
0-1: Ball
1-1: Ball
2-1: Ball
3-1: Base on Balls
Batting: RHB Nelson Jaramillo 0-0: Ball
1-0: Called Strike
1-1: Foul Ball, location: 2F
1-2: Foul Ball, location: 2F
1-2: Ball
2-2: Foul Ball, location: 2F
2-2: Ball
3-2: Grounds into double play, 5-4-3 (Groundball, 56, EV 81.2 MPH)
Ignacio Páez to third
Batting: RHB Júlio Rodríguez 0-0: Called Strike
0-1: Ground out 5-3 (Groundball, 56S, EV 62.5 MPH)
Top of the 6th over - 0 runs, 1 hit, 0 errors, 1 left on base; Bloomington 3 - Plymouth 6
BOTTOM OF THE 6TH
Plymouth Rocks batting - Pitching for Bloomington Longnecks : RHP Hamilton Franklin
Batting: LHB Dae-ik Park 0-0: Ball
1-0: Called Strike
1-1: Ball
2-1: Foul Ball, location: 2F
2-2: Foul Ball, location: 2F
2-2: Strikes out swinging
Batting: RHB Miguel Contreras 0-0: Ball
1-0: Foul Ball, location: 2F
1-1: Fly out, F9 (Flyball, 9LS, EV 94.4 MPH)
Batting: LHB You-liang Yang 0-0: Called Strike
0-1: Ball
1-1: Foul Ball, location: 2F
1-2: Fly out, F3 (Popup, 3F, EV 73.8 MPH)
Bottom of the 6th over - 0 runs, 0 hits, 0 errors, 0 left on base; Bloomington 3 - Plymouth 6
TOP OF THE 7TH
Bloomington Longnecks batting - Pitching for Plymouth Rocks : RHP Alberto Álvarez
Batting: RHB James Strickland 0-0: Called Strike
0-1: Swinging Strike
0-2: Fly out, F9 (Flyball, 89S, EV 94.4 MPH)
Batting: LHB Sherman Kline 0-0: Swinging Strike
0-1: Ball
1-1: Ball
2-1: Fly out, F3 (Line Drive, 3, EV 71.2 MPH)
Batting: RHB Dylan Stavely 0-0: Fly out, F8 (Line Drive, 8RM, EV 90.0 MPH)
Top of the 7th over - 0 runs, 0 hits, 0 errors, 0 left on base; Bloomington 3 - Plymouth 6
BOTTOM OF THE 7TH
Plymouth Rocks batting - Pitching for Bloomington Longnecks : RHP Hamilton Franklin
Batting: RHB Tony Randolph 0-0: Called Strike
0-1: Fly out, F7 (Line Drive, 7, EV 87.5 MPH)
Batting: RHB Jaime Burgos 0-0: Fly out, F9 (Flyball, 9S, EV 93.1 MPH)
Batting: LHB Rafael Martínez 0-0: Called Strike
0-1: Ball
1-1: Ball
2-1: Called Strike
2-2: Foul Ball, location: 2F
2-2: Ball
3-2: Base on Balls
Pitching: RHP Georges Cormier
Batting: LHB Michael Malloy 0-0: Called Strike
0-1: Called Strike
0-2: Strikes out looking
Bottom of the 7th over - 0 runs, 0 hits, 0 errors, 1 left on base; Bloomington 3 - Plymouth 6
TOP OF THE 8TH
Bloomington Longnecks batting - Pitching for Plymouth Rocks : RHP Alberto Álvarez
Batting: LHB Leonid Machehin 0-0: Ball
1-0: Ball
2-0: Called Strike
2-1: Called Strike
2-2: Foul Ball, location: 2F
2-2: Strikes out swinging
Batting: RHB Orlando Velásquez 0-0: Called Strike
0-1: Swinging Strike
0-2: Ball
1-2: Strikes out swinging, 2-3 out at first.
Batting: RHB Ignacio Páez 0-0: Foul Ball, location: 2F
0-1: Ball
1-1: Called Strike
1-2: Ball
2-2: Foul Ball, location: 2F
2-2: Ball
3-2: Fly out, F8 (Line Drive, 8RM, EV 92.5 MPH)
Top of the 8th over - 0 runs, 0 hits, 0 errors, 0 left on base; Bloomington 3 - Plymouth 6
BOTTOM OF THE 8TH
Plymouth Rocks batting - Pitching for Bloomington Longnecks : RHP Georges Cormier
Pitching: RHP Reid Ross
Batting: RHB Josip Primorac 0-0: Called Strike
0-1: Foul Ball, location: 2F
0-2: Ball
1-2: SINGLE (Line Drive, 7LS, EV 103.8 MPH)
Batting: RHB António Avery 0-0: Ball
1-0: Foul Ball, location: 2F
1-1: Fly out, F7 (Flyball, 7, EV 91.9 MPH)
Batting: LHB Dae-ik Park 0-0: Ball
1-0: Ball
2-0: Ball
3-0: Called Strike
3-1: Base on Balls
Josip Primorac to second
Batting: RHB Miguel Contreras 0-0: Called Strike
0-1: Ball
1-1: SINGLE (Groundball, 6D, EV 103.8 MPH)
Josip Primorac to third
Dae-ik Park to second
Pitching: RHP Junior O'Day
Batting: LHB You-liang Yang 0-0: Fly out, F7 (Flyball, 7S, EV 90.6 MPH)
Batting: RHB Tony Randolph 0-0: Called Strike
0-1: Foul Ball, location: 2F
0-2: Strikes out swinging
Bottom of the 8th over - 0 runs, 2 hits, 0 errors, 3 left on base; Bloomington 3 - Plymouth 6
TOP OF THE 9TH
Bloomington Longnecks batting - Pitching for Plymouth Rocks : RHP Alberto Álvarez
Pitching: LHP Josh Brennan
Batting: RHB Dao-zi Zhan 0-0: Foul Ball, location: 2F
0-1: Foul Ball, location: 2F
0-2: Foul Ball, location: 2F
0-2: Ball
1-2: Foul Ball, location: 2F
1-2: Ball
2-2: Strikes out swinging
Batting: RHB Nelson Jaramillo 0-0: Fly out, F8 (Flyball, 8LS, EV 90.0 MPH)
Batting: RHB Júlio Rodríguez 0-0: Called Strike
0-1: Ball
1-1: Ball
2-1: Ball
3-1: Base on Balls
Batting: RHB James Strickland 0-0: Ball
1-0: Foul Ball, location: 2F
1-1: Ball
2-1: Fielders Choice at 2nd, U4 (Groundball, 4M, EV 90.0 MPH)
Top of the 9th over - 0 runs, 0 hits, 0 errors, 1 left on base; Bloomington 3 - Plymouth 6
Friday, March 26th, 2021 - OOTP Baseball 20.8 Build 74